 Dungeon Crawl Stone Soup version 0.24.0-1-gfbc8707122 (console) character file.

Game seed: 2050307238289823408, levelgen mode: deterministic

18003 AlterAsc the Thaumaturge (level 12, -1/70 HPs)
             Began as a Deep Elf Conjurer on Oct 27, 2019.
             Was an Elder of Sif Muna.
             Slain by a four-headed hydra (12 damage)
             ... on level 2 of the Lair of Beasts.
             The game lasted 01:44:05 (18234 turns).

AlterAsc the Thaumaturge (Deep Elf Conjurer)       Turns: 18234, Time: 01:44:06

Health: -1/70      AC:  7    Str:  5    XL:     12   Next: 23%
Magic:  28/29      EV: 19    Int: 31    God:    Sif Muna [****..]
Gold:   1442       SH:  0    Dex: 17    Spells: 4/33 levels left

rFire    . . .     SeeInvis .   E - +7 spear "Mohadd" {pain, Dex+2}
rCold    + . .     Gourm    .   (no shield)
rNeg     . . .     Faith    .   V - +2 robe {rC+}
rPois    .         Spirit   .   t - +2 helmet
rElec    .         Reflect  .   (no cloak)
rCorr    +         Harm     .   (no gloves)
MR       +....                  (no boots)
Stlth    ++........             O - amulet of regeneration
HPRegen  0.61/turn              j - ring of resist corrosion
MPRegen  0.21/turn              B - +5 ring of intelligence

@: no status effects
A: no striking features
a: Channel Magic, Forget Spell, Divine Exegesis, Renounce Religion


You were on level 2 of the Lair of Beasts.
You worshipped Sif Muna.
Sif Muna was greatly pleased with you.
You were hungry.

You visited 4 branches of the dungeon, and saw 16 of its levels.

You collected 1442 gold pieces.

Inventory:

Hand Weapons
 i - a +1 dagger
 E - the +7 spear "Mohadd" (weapon) {pain, Dex+2}
   (You found it on level 6 of the Dungeon)

   In the hands of one skilled in necromantic magic, it inflicts extra damage on
   living creatures.
   It affects your dexterity (+2).
 J - a +0 dagger
 N - a cursed -1 short sword
Armour
 a - a +0 robe
 p - a +1 animal skin
 t - a +2 helmet (worn)
 G - a +0 cloak
 H - a +0 helmet
 V - a +2 robe of cold resistance (worn)
Magical Staves
 A - an uncursed staff of summoning
Jewellery
 j - a ring of resist corrosion (left hand)
 w - a +1 ring of protection {unknown}
 B - a +5 ring of intelligence (right hand)
 M - an uncursed ring of fire {unknown}
 O - an amulet of regeneration (around neck)
 P - the ring "Meupn" {Ice Dex+3}
   (You found it on level 9 of the Dungeon)

   [ring of ice]

   It enhances your ice magic.
   It affects your dexterity (+3).
   It makes you vulnerable to fire.
   It protects you from cold.
 Q - a +5 ring of evasion {unknown}
Wands
 h - a wand of clouds (6)
 s - a wand of enslavement (12)
 y - a wand of flame (41)
 z - a wand of iceblast (33)
 D - a wand of random effects (9)
 L - a wand of polymorph (10)
 U - a wand of disintegration (11)
Scrolls
 b - a scroll of fear
 d - a scroll of magic mapping {unknown}
 f - a scroll of immolation {unknown}
 n - a scroll of random uselessness {unknown}
 o - a scroll of amnesia {unknown}
 q - 2 scrolls of enchant weapon
 I - a scroll of vulnerability {unknown}
 K - 5 scrolls of remove curse
 R - a scroll of teleportation
 S - 2 scrolls of enchant armour
Potions
 e - a potion of brilliance {unknown}
 g - 2 potions of agility {unknown}
 k - a potion of degeneration {unknown}
 l - a potion of lignification {unknown}
 m - 6 potions of might {unknown}
 r - a potion of curing
 u - 3 potions of heal wounds {unknown}
 v - a potion of mutation {unknown}
 x - a potion of flight {unknown}
 C - 3 potions of resistance {unknown}
 F - 2 potions of berserk rage {unknown}
 T - a potion of cancellation {unknown}
Comestibles
 c - 13 rations


   Skills:
 - Level 6.1 Fighting
 - Level 9.2 Dodging
 - Level 2.5 Stealth
 + Level 11.1 Spellcasting
 + Level 10.1 Conjurations
 * Level 9.7 Hexes
 - Level 4.4 Translocations
 + Level 7.6 Fire Magic
 - Level 5.0 Ice Magic
 - Level 5.0 Invocations


You had 4 spell levels left.
You knew the following spells:

 Your Spells              Type           Power        Failure   Level  Hunger
a - Magic Dart            Conj           ####         1%          1    None
b - Searing Ray           Conj           ######       1%          2    None
c - Iskenderun's Mystic   Conj           ######..     1%          4    None
d - Conjure Flame         Conj/Fire      ######..     1%          3    None
e - Fireball              Conj/Fire      ######....   1%          5    ##.....
f - Force Lance           Conj/Tloc      ######..     1%          4    None
g - Confuse               Hex            ######..     1%          3    None
h - Metabolic Englaciati  Hex/Ice        ######....   3%          5    ##.....
i - Shroud of Golubria    Chrm/Tloc      ####..       1%          2    None

Your spell library contained the following spells:

 Spells                   Type           Power        Failure   Level  Hunger
 Apportation              Tloc           #####.       1%          1    None
 Confusing Touch          Hex            ######       1%          1    None
 Flame Tongue             Conj/Fire      #####        1%          1    None
 Throw Flame              Conj/Fire      ######       1%          2    None
 Dazzling Spray           Conj/Hex       ######       1%          3    None
 Gell's Gravitas          Tloc           #####.....   1%          3    None
 Inner Flame              Hex/Fire       ######..     1%          3    None
 Spectral Weapon          Hex/Chrm       #####...     1%          3    None
 Fulminant Prism          Conj/Hex       ######....   1%          4    None
 Sticky Flame             Conj/Fire      ######..     1%          4    None
 Animate Skeleton         Necr           N/A          3%          1    None
 Infusion                 Chrm           ###.         3%          1    None
 Summon Small Mammal      Summ           ###.         3%          1    None
 Song of Slaying          Chrm           ###.....     4%          2    None
 Regeneration             Chrm/Necr      ###.......   9%          3    None
 Petrify                  Tmut/Erth      ###.....     28%         4    None
 Yara's Violent Unravell  Hex/Tmut       #####.....   11%         5    ##.....


Dungeon Overview and Level Annotations

Branches:
Dungeon (11/15)            Temple (1/1) D:6            Lair (2/6) D:10
    Orc (2/2) D:10            Elf (0/3) Orc:2
  Swamp: Lair:2-4    Shoals: Lair:2-4     Snake: Lair:2-4    Spider: Lair:2-4

Altars:
Ashenzari
Cheibriados
Dithmenos
Elyvilon
Fedhas
Gozag
Hepliaklqana
Kikubaaqudgha
Makhleb
Nemelex Xobeh
Okawaru
Qazlal
Ru
Sif Muna
Trog
Uskayaw
Vehumet
Wu Jian
Xom
Yredelemnul
Zin
The Shining One
Beogh

Annotations:
D:5 1 runed translucent door, Fv001's ghost, novice DsMo


Message History

Confirm with . or Enter, or press ? or * to list all spells.
Aiming: Fireball (safe; 1% risk of failure)
Press: ? - help, Shift-Dir - straight line, f/p - spiny frog
Aim: a spiny frog (severely wounded)
Okay, then.
You climb upwards.
There is a stone staircase leading down here.
You start resting.
You are feeling hungry.
Okay, then.
You climb downwards.
The spiny frog stings you!! The four-headed hydra bites you.
The four-headed hydra bites you! x2
* * * LOW HITPOINT WARNING * * *
The four-headed hydra barely misses you.
The spiny frog closely misses you.
The four-headed hydra closely misses you.
The four-headed hydra bites you!
* * * LOW HITPOINT WARNING * * *
The four-headed hydra bites you!
You die...

.................
.................
#...............
##..............
#...............
##...............
.................
.............###.
.........@F..#
.........D...P#
.............##
...............
.................
.................
................
..............#


You could see a four-headed hydra and a spiny frog.

Vanquished Creatures
  2 hydras (Lair:1)
  2 unseen horrors
  Pikel (D:6)
  2 orc knights (Orc:2)
  2 orc sorcerers (Orc:2)
  4 spiny frogs
  A rime drake (Lair:1)
  A komodo dragon (Lair:1)
  3 trolls (Orc:1)
  Prince Ribbit (D:5)
  A hippogriff (D:10)
  A vampire (D:10)
  15 yaks
  A wyvern (D:11)
  Eustachio (D:4)
  A warg (Orc:2)
  5 water moccasins
  2 porcupines
  3 sky beasts
  20 orc warriors
  A black bear (D:6)
  A necrophage (D:10)
  15 ogres
  3 phantoms
  A centaur (D:9)
  4 crocodiles (Lair:1)
  2 big kobolds (D:10)
  Blork the orc (Orc:2)
  5 bullfrogs
  4 scorpions
  A water moccasin skeleton (D:10)
  4 wights (D:8)
  4 howler monkeys
  2 crimson imps
  A bullfrog zombie (D:10)
  A centaur zombie (D:8)
  4 jellies
  5 hounds
  13 orc wizards
  16 orc priests
  2 centaur skeletons
  A bullfrog skeleton (D:4)
  3 iguanas
  7 worker ants
  A hound skeleton (D:5)
  Robin (D:3)
  2 worker ant zombies
  A howler monkey skeleton (D:10)
  6 gnolls
  14 adders
  3 shadow imps
  An ooze (D:5)
  An adder zombie (D:9)
  3 worms
  5 dart slugs
  8 leopard geckos
  71 orcs
  6 bats
  5 giant cockroaches
  14 goblins
  8 hobgoblins
  11 jackals
  3 quokkas
  A ball python (D:2)
  2 frilled lizards
  A jackal zombie (D:5)
  12 kobolds
  A leopard gecko zombie (D:5)
  10 rats
361 creatures vanquished.

Vanquished Creatures (others)
  2 centaurs (D:6)
  An orc (Orc:2)
  A fungus (Lair:1)
  A plant (Lair:1)
5 creatures vanquished.

Grand Total: 366 creatures vanquished

Notes
Turn   | Place    | Note
-------+----------+-------------------------------------------
     0 | D:1      | AlterAsc the Deep Elf Conjurer began the quest for the Orb.
     0 | D:1      | Reached XP level 1. HP: 10/10 MP: 6/6
   151 | D:1      | Reached XP level 2. HP: 11/15 MP: 0/8
   460 | D:1      | Learned a level 2 spell: Searing Ray
   483 | D:1      | Reached XP level 3. HP: 20/20 MP: 3/10
   633 | D:1      | Reached skill level 1 in Fighting
   942 | D:2      | Found a basalt altar of Yredelemnul.
  1090 | D:2      | Reached XP level 4. HP: 25/25 MP: 5/11
  1208 | D:2      | Reached skill level 4 in Spellcasting
  1569 | D:3      | Reached skill level 5 in Conjurations
  1610 | D:3      | Noticed Robin
  1675 | D:3      | Killed Robin
  2234 | D:3      | Found a burning altar of Makhleb.
  2239 | D:3      | Reached XP level 5. HP: 29/29 MP: 6/13
  2312 | D:3      | Found a glowing silver altar of Zin.
  2373 | D:3      | Found an ornate altar of the Wu Jian Council.
  2935 | D:4      | Noticed Eustachio
  2946 | D:4      | Learned a level 4 spell: Iskenderun's Mystic Blast
  2984 | D:4      | Reached XP level 6. HP: 17/35 MP: 1/15
  3123 | D:4      | Reached skill level 5 in Spellcasting
  3435 | D:4      | Killed Eustachio
  3435 | D:4      | Reached skill level 5 in Dodging
  3435 | D:4      | Reached XP level 7. HP: 40/40 MP: 3/17
  3661 | D:4      | Found a sacrificial altar of Ru.
  3743 | D:4      | Reached skill level 6 in Spellcasting
  4059 | D:4      | Found a sparkling altar of Nemelex Xobeh.
  4178 | D:5      | Entered Level 5 of the Dungeon
  4571 | D:5      | Learned a level 3 spell: Conjure Flame
  4581 | D:5      | Noticed Prince Ribbit
  4591 | D:5      | Killed Prince Ribbit
  4591 | D:5      | Reached skill level 1 in Fire Magic
  4591 | D:5      | Reached XP level 8. HP: 48/48 MP: 10/20
  4614 | D:5      | Found a runed translucent door.
  4617 | D:5      | Noticed Fv001's ghost (novice DsMo)
  4657 | D:5      | Reached skill level 7 in Spellcasting
  5174 | D:5      | You fall into a shaft and drop 1 floor!
  6203 | D:6      | Got a bloodstained spear
  6204 | D:6      | Identified the +7 spear "Mohadd" {pain, Dex+2} (You found
                  | it on level 6 of the Dungeon)
  6241 | D:6      | Noticed Pikel
  6251 | D:6      | Killed Pikel
  6251 | D:6      | Reached skill level 8 in Spellcasting
  6251 | D:6      | Reached XP level 9. HP: 51/52 MP: 2/23
  6902 | D:6      | Found a staircase to the Ecumenical Temple.
  6911 | Temple   | Entered the Ecumenical Temple
  7062 | Temple   | Became a worshipper of Sif Muna the Loreminder
  7425 | D:6      | Found a white marble altar of Elyvilon.
  7534 | D:7      | Learned a level 5 spell: Fireball
  7667 | D:7      | Reached skill level 1 in Invocations
  7796 | D:7      | Found a stormy altar of Qazlal.
  7796 | D:7      | Found a shadowy altar of Dithmenos.
  8017 | D:8      | Learned a level 4 spell: Force Lance
  8039 | D:8      | Reached skill level 5 in Fighting
  8354 | D:8      | Learned a level 3 spell: Confuse
  8410 | D:8      | Found a roughly hewn altar of Beogh.
  8418 | D:8      | Reached * piety under Sif Muna
  8418 | D:8      | Reached skill level 1 in Hexes
  8419 | D:8      | Reached skill level 9 in Spellcasting
  8829 | D:8      | Reached XP level 10. HP: 59/59 MP: 1/25
  9009 | D:8      | Reached skill level 5 in Fire Magic
 10138 | D:9      | Reached ** piety under Sif Muna
 10467 | D:9      | Found a shimmering altar of Xom.
 10476 | D:9      | Found a bloodstained altar of Trog.
 10643 | D:9      | Got a faintly glowing golden ring
 10644 | D:9      | Identified the ring "Meupn" {Ice Dex+3} (You found it on
                  | level 9 of the Dungeon)
 10879 | D:10     | Entered Level 10 of the Dungeon
 11603 | D:10     | Found a staircase to the Lair.
 11808 | D:10     | Found a staircase to the Orcish Mines.
 11989 | D:10     | Reached skill level 5 in Hexes
 11998 | D:10     | Reached *** piety under Sif Muna
 12205 | D:10     | Killed an unseen horror
 12467 | D:11     | Killed an unseen horror
 12625 | D:11     | Noticed a cyclops
 12671 | Lair:1   | Entered Level 1 of the Lair of Beasts
 12719 | Lair:1   | Noticed a seven-headed hydra
 12779 | Lair:1   | Learned a level 5 spell: Metabolic Englaciation
 12795 | Lair:1   | Reached XP level 11. HP: 64/64 MP: 14/26
 12921 | D:10     | Reached skill level 1 in Ice Magic
 12997 | Lair:1   | Reached skill level 10 in Spellcasting
 13435 | Orc:1    | Entered Level 1 of the Orcish Mines
 13985 | Orc:1    | Reached skill level 1 in Translocations
 14436 | Orc:2    | Entered Level 2 of the Orcish Mines
 14440 | Orc:2    | Noticed an orc knight
 14861 | Orc:2    | Reached **** piety under Sif Muna
 15265 | Orc:2    | Noticed an orc knight
 15272 | Orc:2    | Killed an orc knight
 15511 | Orc:2    | Found a staircase to the Elven Halls.
 15708 | Orc:2    | Killed an orc knight
 15742 | Orc:2    | Noticed an orc sorcerer
 15743 | Orc:2    | Noticed an orc sorcerer
 15867 | Orc:2    | Killed an orc sorcerer
 15867 | Orc:2    | Reached skill level 5 in Invocations
 16112 | Orc:2    | Noticed an orc warlord
 16117 | Orc:2    | Noticed an orc sorcerer
 16117 | Orc:2    | Noticed Blork the orc
 16240 | Orc:2    | Killed Blork the orc
 16329 | Orc:2    | Noticed a soul eater
 16330 | Orc:2    | Killed an orc sorcerer
 16345 | Orc:2    | Noticed a sixfirhy
 16977 | Lair:1   | Noticed a six-headed hydra
 16980 | Lair:1   | Killed a six-headed hydra
 17211 | Lair:1   | Reached XP level 12. HP: 70/70 MP: 20/28
 17265 | Lair:1   | Learned a level 2 spell: Shroud of Golubria
 17300 | Lair:1   | Killed a seven-headed hydra
 17300 | Lair:1   | Reached skill level 5 in Ice Magic
 17458 | Lair:1   | Reached skill level 10 in Conjurations
 17755 | Lair:1   | Reached skill level 11 in Spellcasting
 18140 | Lair:2   | Noticed a four-headed hydra
 18234 | Lair:2   | Slain by a four-headed hydra

Levels and vault maps discovered:
D:1:      elethiomel_arrival_diamonds, layout_rooms
D:2:      layout_basic, yredelemnul_altar_generic,
          chequers_serial_rivers_room_b, hex_large, minmay_box_of_dots
D:3:      layout_loops_corners, makhleb_heckhound_becter, zin_treasury,
          nicolae_overflow_hidden_temple, first_ration, dk_noncrumbling_2,
          uniq_robin
D:4:      layout_layer_cave, marbit_many_paths, nemelex_diamond_rough_becter,
          uniq_eustachio
D:5:      layout_basic, hellmonk_ghost_happy_afterlife, uniq_prince_ribbit1
D:6:      nicolae_whirlpool, layout_layer_cave, minmay_temple_entry_poolview,
          kennysheep_flooded_box, uniq_pikel
D:7:      layout_rooms, gammafunk_temple_overflow_wave, hangedman_decor_opposing
D:8:      layout_basic, special_room [special_room_orc]
D:9:      layout_long_grid, grunt_temple_overflow_open
D:10:     layout_roguey, lair_entry_dummy
D:11:     minmay_the_grid_triangle_9x9_rhombus_thin_mashed
          [minmay_the_grid_triangle_9x9_warning,
          minmay_the_grid_triangle_9x9_prize_center,
          minmay_the_grid_triangle_9x9_wacky_v,
          minmay_the_grid_triangle_9x9_steps], layout_cave_pods
Temple:   dshaligram_water_room_temple
Lair:1:   layout_regular_city
Lair:2:   layout_cave_shapes, spider_nest_entry_web_field, beast_lair_carwin_3
Orc:1:    layout_caves
Orc:2:    grunt_orc_cross, layout_caves

Skill      XL: |  1  2  3  4  5  6  7  8  9 10 11 12 |
---------------+-------------------------------------+-----
Dodging        | 3 4 5 6 7 8 9 |  9.2
Fighting       | 1 2 3 4 5 6 |  6.1
Spellcasting   | 4 5 6 8 9 10 11 | 11.1
Conjurations   | 5 6 7 8 9 10 | 10.1
Fire Magic     | 1 3 4 6 7 |  7.6
Invocations    | 2 4 5 |  5.0
Hexes          | 2 6 8 9 |  9.7
Ice Magic      | 4 5 |  5.0
Translocations | 4 |  4.4
Stealth        | |  2.5

Action                   |  1- 3 |  4- 6 |  7- 9 | 10-12 || total
-------------------------+-------+-------+-------+-------++-------
Melee: Spear             |       |       |       |    19 ||    19
 Cast: Magic Dart        |    75 |    68 |   266 |   225 ||   634
       Searing Ray       |     2 |    13 |    21 |    41 ||    77
       Iskenderun's Myst |       |     3 |    23 |     8 ||    34
       Conjure Flame     |       |       |     6 |     7 ||    13
       Fireball          |       |       |     7 |   128 ||   135
       Confuse           |       |       |     4 |    31 ||    35
       Force Lance       |       |       |       |     7 ||     7
       Metabolic Englaci |       |       |       |     8 ||     8
  Use: Scroll            |       |     6 |     2 |     4 ||    12
       Potion            |       |       |       |     1 ||     1
  Eat: Chunk             |       |     5 |    14 |    25 ||    44
       Ration            |       |     1 |     1 |     5 ||     7
Armor: Robe              |     2 |     1 |       |       ||     3
       Animal skin       |       |    13 |    17 |    12 ||    42
Dodge: Dodged            |     8 |    33 |    68 |   117 ||   226
